 Dungeon Crawl Stone Soup version 0.30-b1-5-g8e6c1be481 (webtiles) character file.

Game seed: 18028189857162472447

115 Mysteryquy the Shield-Bearer (level 5, 0/33 HPs)
             Began as a Gargoyle Fighter on May 4, 2023.
             Was an Initiate of Yredelemnul.
             Slain by a goblin
             ... wielding a +0 club
              (4 damage)
             ... on level 3 of the Dungeon.
             The game lasted 00:02:58 (2371 turns).

Mysteryquy the Shield-Bearer (Gargoyle Fighter)     Turns: 2371, Time: 00:02:59

Health: 0/33       AC: 11    Str: 21    XL:     5   Next: 0%
Magic:  5/5        EV:  9    Int:  9    God:    Yredelemnul [......]
Gold:   101        SH:  4    Dex:  9    Spells: 4/4 levels left

rFire   . . .        a - +0 flail
rCold   . . .        c - +0 buckler
rNeg    + . .        b - +0 scale mail
rPois   ∞            (no helmet)
rElec   +            (no cloak)
rCorr   .            (no gloves)
SInv    .            (no boots)
Will    .....        (no amulet) Stlth
                     (no ring)
HPRegen 0.25/turn    (no ring)
MPRegen 0.09/turn

%: no passive effects
@: mighty
A: sickness immunity, AC +4, negative energy resistance 1, electricity
resistance, torment resistance 1, petrification resistance
a: Renounce Religion, Recall Undead Harvest


You were on level 3 of the Dungeon.
You worshipped Yredelemnul.
Yredelemnul was noncommittal.
You visited 1 branch of the dungeon, and saw 4 of its levels.

You collected 101 gold pieces.

Inventory:

Hand Weapons
 a - a +0 flail (weapon)
Armour
 b - a +0 scale mail (worn)
 c - a +0 buckler (worn)
Jewellery
 h - a ring of resist corrosion
 p - a ring of protection from cold
Scrolls
 g - 5 scrolls of identify {unknown}
 i - a scroll of enchant armour {unknown}
 m - 2 scrolls of teleportation {unknown}
 n - a scroll of fear {unknown}
 o - 2 scrolls of blinking {unknown}
 q - a scroll of fog {unknown}
 s - a scroll of amnesia {unknown}
Potions
 e - 4 potions of curing {unknown}
 f - a potion of berserk rage {unknown}
 j - a potion of magic {unknown}
 k - a potion of lignification {unknown}
 l - a potion of degeneration {unknown}
 r - a potion of mutation {unknown}


   Skills:
 + Level 3.8 Fighting
 + Level 3.0 Maces & Flails
 + Level 4.0 Armour
 + Level 0.8 Dodging
 + Level 0.5 Stealth
 + Level 4.1 Shields


You had 4 spell levels left.
You didn't know any spells.
Your spell library contained the following spells:

 Spells                   Type           Power      Damage    Failure   Level
 Shock                    Conj/Air       0%         1d3       78%         1
 Ensorcelled Hibernation  Hex/Ice        0%         N/A       89%         2
 Spider Form              Tmut/Pois      0%         N/A       98%         3
 Swiftness                Air            0%         N/A       98%         3
 Airstrike                Air            0%         2d(0-16)  100%        4
 Anguish                  Hex/Necr       0%         N/A       100%        4


Dungeon Overview and Level Annotations

Branches:
Dungeon (4/15)
 Temple: D:4-7

Altars:
Gozag
Yredelemnul
Zin

Shops:
D:1 (

Annotations:
D:3 Ijyb
D:4 Robin


Innate Abilities, Weirdness & Mutations

You are immune to sickness and miasma.
Your stone body is resilient. (AC +4)
You are immune to poison.
You resist negative energy. (rN+)
You are resistant to electric shocks. (rElec)
You are resistant to unholy torment.
You are immune to petrification.


Message History

You miss the hound. The hound closely misses you. x2
You barely miss the hound. The hound barely misses you.
You block the hound's attack.
You barely miss the hound.
The hound bites you but does no damage. x2
You thump the hound!
The hound is severely wounded.
The hound bites you but does no damage. The hound barely misses you.
You hit the hound but do no damage.
The hound is severely wounded.
You block the hound's attack. The hound bites you but does no damage.
You closely miss the hound.
The hound is severely wounded.
The hound bites you. The hound completely misses you.
You sock the hound!
You kill the hound!
Your Maces & Flails skill increases to level 3!
Your Armour skill increases to level 4!
You have reached level 5!
You feel very mighty all of a sudden. Ijyb hits you with a +2 club.
You closely miss Ijyb. Ijyb hits you with a +2 club.
You closely miss Ijyb.
Robin roars a battlecry!
The goblins go into a battle-frenzy!
Ijyb hits you with a +2 club! The goblin hits you with a +0 club.
You hit the goblin.
The goblin is severely wounded.
Ijyb zaps a wand.
The puff of flame hits you but does no damage.
The goblin closely misses you. Ijyb completely misses you.
The goblin closely misses you.
You climb upwards.
There is a stone staircase leading down here.
You thump Ijyb!
Ijyb is moderately wounded.
Ijyb hits you with a +2 club!
* * * LOW HITPOINT WARNING * * *
The goblin hits you with a +0 club.
You die...
Your body rises from the dead as a mindless zombie.

#.#......#.# #Z#..#.#.#.#
### #Z#..#.#.#.# #..
#Z#..#.#.#.# #..
#Z#.<#.#.#.##############..
#.#Z##.#.#..ZZZZ.......ZZZ.
#Z#Z#....#.################
#.#.######g################
#.#......g@.........Z.....Z
#.##.........#######.######
#.............# #.#.ZZ..
####..........# #.#.####
#..........# #.#.....
#..........# #.#...(.
#......[..#######.......
#.........(.......#Z....
#######.#...............


You could see Ijyb (strong) and a goblin (strong).

Vanquished Creatures
  A hound (D:4)
  2 adders
  2 worms
  An orc (D:3)
  3 endoplasms
  3 giant cockroaches
  6 goblins
  2 hobgoblins
  9 jackals
  7 quokkas
  4 ball pythons
  3 bats
  2 frilled lizards
  2 kobolds
  A rat (D:1)
48 creatures vanquished.

Vanquished Creatures (collateral kills)
  2 ball pythons (D:3)
  An endoplasm (D:3)
  A hobgoblin (D:3)
  A kobold (D:2)
  A bat (D:2)
  A goblin (D:3)
  A rat (D:3)
8 creatures vanquished.

Vanquished Creatures (others)
  A ball python zombie (D:3)
  A quokka zombie (D:3)
2 creatures vanquished.

Grand Total: 58 creatures vanquished

Notes
Turn   | Place    | Note
-------+----------+-------------------------------------------
     0 | D:1      | Mysteryquy the Gargoyle Fighter began the quest for the
                  | Orb.
     0 | D:1      | Reached XP level 1. HP: 14/14 MP: 1/1
   200 | D:1      | Reached XP level 2. HP: 19/19 MP: 2/2
   708 | D:1      | Found Hupp's Antique Weapon Shop.
  1027 | D:1      | Reached XP level 3. HP: 9/23 MP: 3/3
  1127 | D:2      | Found a basalt altar of Yredelemnul.
  1150 | D:2      | Became a worshipper of Yredelemnul the Dark
  1425 | D:2      | Reached * piety under Yredelemnul
  1531 | D:3      | Reached XP level 4. HP: 18/28 MP: 4/4
  1570 | D:3      | Found an opulent altar of Gozag.
  1571 | D:3      | Found a glowing silver altar of Zin.
  2350 | D:4      | Noticed Ijyb
  2351 | D:4      | Noticed Robin
  2365 | D:4      | Reached XP level 5. HP: 31/33 MP: 5/5
  2371 | D:3      | Slain by a goblin

Illustrated notes

Levels and vault maps discovered:
D:1:      saegor_arrival_simple_b, layout_basic, serial_shops, shop,
          hex_intersection, kennysheep_doodads
D:2:      layout_rooms, basic_altar
D:3:      layout_basic, grunt_temple_overflow_gold_and_silver
D:4:      layout_cave_pools, grunt_ashenzari_visionary
          [grunt_ashenzari_visionary_swamp, grunt_ashenzari_visionary_spider],
          kennysheep_orc_sif_temple, nicolae_dithmenos_shadow_blocks,
          gammafunk_ghost_split, nicolae_goblin_pals, uniq_ijyb, uniq_grinder,
          uniq_crazy_yiuf_cottage

Skill      XL: |  1  2  3  4 |
---------------+-------------+-----
Shields        | 4 |  4.1
Maces & Flails | 3 |  3.0
Armour         | 4 |  4.0
Fighting       | |  3.8
Dodging        | |  0.8
Stealth        | |  0.5

Action                     |  1- 3 |  4- 6 || total
---------------------------+-------+-------++-------
  Melee: Flail             |   139 |    77 ||   216
    Use: Potion            |       |     1 ||     1
 Armour: Scale mail        |   117 |    50 ||   167
  Dodge: Dodged            |   100 |    44 ||   144
  Block: Buckler           |    45 |    23 ||    68
